[Event "Titled Tuesday Blitz April 11 Late 2023"]
[White "Mujumdar, Sameer"]
[Black "Weetik, Vjacheslav"]
[WhiteFideId "2029707"]
[BlackFideId "4153472"]
[WhiteElo "2104"]
[BlackElo "2469"]
[Result "0-1"]
[Round "01"]
[TimeControl "180+2"]
[Date "2023.04.11"]
[WhiteClock "0:00:00"]
[BlackClock "0:00:00"]

1. e4 c5 2. Nf3 Nc6 3. Bb5 g6 4. Bxc6 bxc6 5. d3 Bg7 6. O-O e5 7. Be3 d6 8. Qd2 f5 9. exf5 Bxf5 10. Nc3 Nf6 11. Bh6 O-O 12. Bxg7 Kxg7 13. b3 Nd5 14. Nxd5 cxd5 15. Rfe1 Bg4 16. Ng5 h6 17. h3 Bd7 18. Nf3 Rxf3 19. gxf3 Qh4 20. f4 Bxh3 21. Qe3 Rf8 22. Qg3 Qh5 23. Re3 exf4 24. Qxh3 fxe3 25. Qxh5 exf2+ 26. Kf1 gxh5 27. d4 cxd4 28. Rd1 Rf4 29. Rd3 Kf6 30. a4 a5 31. Rh3 h4 32. Rd3 Kg5 0-1


[Site "https://www.chess.com"]

[Event "Titled Tuesday Blitz April 11 Late 2023"]
[White "Pakleza, Zbigniew"]
[Black "Gatterer, Florian"]
[WhiteFideId "1119290"]
[BlackFideId "811688"]
[WhiteElo "2410"]
[BlackElo "2221"]
[Result "1-0"]
[Round "01"]
[TimeControl "180+2"]
[Date "2023.04.11"]
[WhiteClock "0:00:04"]
[BlackClock "0:00:01"]

1. d4 d5 2. Bf4 c5 3. e3 Nc6 4. c3 Qb6 5. Qb3 c4 6. Qc2 e5 7. dxe5 Nge7 8. Nd2 Ng6 9. Bg3 Ngxe5 10. Ngf3 Nxf3+ 11. Nxf3 Be7 12. Be2 O-O 13. O-O Be6 14. Rfd1 Qc5 15. Bh4 Bxh4 16. Nxh4 b5 17. a3 a5 18. Nf3 b4 19. Nd4 Nxd4 20. Rxd4 Rab8 21. axb4 axb4 22. f4 g6 23. g4 bxc3 24. bxc3 f5 25. g5 Rfe8 26. Kf2 Bf7 27. Qd2 Qe7 28. Bf3 Red8 29. Bxd5 Bxd5 30. Rxd5 Rxd5 31. Qxd5+ Qf7 32. Qxf7+ Kxf7 33. Ra7+ Kg8 34. Rc7 Rb2+ 35. Kf3 Rxh2 36. Rxc4 h6 37. gxh6 Rxh6 38. Rc8+ Kg7 39. c4 Rh2 40. c5 Rc2 41. c6 Kh7 42. Rc7+ Kh6 43. Kg3 Re2 44. Kf3 Rc2 45. Rc8 Kg7 46. Kg3 Re2 47. Kf3 Rc2 48. c7 Kh7 49. Kg3 Kg7 50. Kh3 Kh7 51. Kh4 Kg7 52. Kg3 Kh7 53. Kh3 Kg7 54. Kh4 Kh7 55. Kg5 Kg7 56. Rb8 Rxc7 57. Rb6 Rc3 58. Rxg6+ Kh7 59. Re6 Kg7 60. Kxf5 Kf7 61. e4 Rc5+ 62. Re5 Rc3 63. Ra5 Rc7 64. e5 Rb7 65. Ra6 Rc7 66. Rh6 Kg7 67. Rg6+ Kf7 68. e6+ Kf8 69. Kf6 Ra7 70. f5 Rf7+ 71. Ke5 Ra7 72. Rh6 Ra5+ 73. Kf6 Kg8 74. Rh2 Ra8 75. Rd2 Kf8 76. Rd8+ 1-0


[Site "https://www.chess.com"]

[Event "Titled Tuesday Blitz April 11 Late 2023"]
[White "Yeritsyan, Hayk"]
[Black "Jaracz, Pawel"]
[WhiteFideId "13307320"]
[BlackFideId "1102222"]
[WhiteElo "2241"]
[BlackElo "2438"]
[Result "1-0"]
[Round "01"]
[TimeControl "180+2"]
[Date "2023.04.11"]
[WhiteClock "0:00:00"]
[BlackClock "0:00:00"]

1. d4 Nf6 2. Nf3 g6 3. Bf4 Bg7 4. h3 d6 5. e3 O-O 6. c3 b6 7. Be2 Bb7 8. O-O Nbd7 9. Bh2 Qe8 10. Nbd2 e6 11. Rc1 Qe7 12. Re1 Rad8 13. b4 e5 14. Nc4 e4 15. Nfd2 Nd5 16. Qc2 f5 17. a4 Rde8 18. a5 Bh6 19. Bf1 Qh4 20. Bg3 Qf6 21. axb6 axb6 22. Ra1 Ra8 23. Rxa8 Rxa8 24. Qb2 f4 25. Nxe4 Qf7 26. exf4 Nxf4 27. Ncxd6 cxd6 28. Nxd6 Nxh3+ 29. gxh3 Qf3 30. Nxb7 Qxb7 31. Bg2 Qa7 32. Qb3+ Kh8 33. Qf7 Rf8 34. Be5+ 1-0


[Site "https://www.chess.com"]

[Event "Titled Tuesday Blitz April 11 Late 2023"]
[White "Harriott, Tyrell"]
[Black "Javakhadze, Zurab"]
[WhiteFideId "2086484"]
[BlackFideId "13603647"]
[WhiteElo "2107"]
[BlackElo "2381"]
[Result "0-1"]
[Round "01"]
[TimeControl "180+2"]
[Date "2023.04.11"]
[WhiteClock "0:00:00"]
[BlackClock "0:00:00"]

1. d4 d5 2. e3 Nf6 3. Bd3 c5 4. c3 Nc6 5. f4 g6 6. Nf3 Bf5 7. O-O e6 8. Ne5 Bxd3 9. Nxd3 Ne4 10. Nd2 Qc7 11. Nxe4 dxe4 12. Nf2 f5 13. Qa4 O-O-O 14. Bd2 e5 15. fxe5 Nxe5 16. Rac1 Bh6 17. Rfd1 Nc6 18. b4 f4 19. exf4 cxd4 20. b5 e3 21. bxc6 exd2 22. cxb7+ Kb8 23. Rxd2 Bxf4 24. Rxd4 Bxc1 25. Rc4 Qb6 26. Rb4 Qe3 27. Re4 Qc5 28. g3 Rhf8 29. Re2 Rxf2 30. Rxf2 Be3 31. Kg2 Bxf2 32. Qf4+ Kxb7 33. Qxf2 Qxf2+ 34. Kxf2 Rc8 35. Ke3 Rxc3+ 36. Kf4 Rc5 37. h4 Kb6 38. a4 Ka5 39. Kg4 Kxa4 40. Kf4 Kb4 41. Kg4 a5 42. Kf4 a4 43. Kg4 a3 44. Kf4 a2 45. h5 a1=Q 46. Kg4 Qd4+ 47. Kh3 Qe4 48. hxg6 Rh5# 0-1


[Site "https://www.chess.com"]

[Event "Titled Tuesday Blitz April 11 Late 2023"]
[White "Koziorowicz, Michal"]
[Black "Senthilkumar, Pranav"]
[WhiteFideId "21809194"]
[BlackFideId "2083477"]
[WhiteElo "2255"]
[BlackElo "1860"]
[Result "1-0"]
[Round "01"]
[TimeControl "180+2"]
[Date "2023.04.11"]
[WhiteClock "0:00:00"]
[BlackClock "0:00:00"]

1. Nf3 Nf6 2. g3 d5 3. Bg2 c5 4. O-O Nc6 5. d4 cxd4 6. Nxd4 e6 7. b3 Be7 8. Bb2 O-O 9. Nc3 Bd7 10. e4 dxe4 11. Nxe4 Nxe4 12. Bxe4 Bf6 13. Nxc6 Bxc6 14. Bxf6 Qxf6 15. Bxc6 bxc6 16. c4 Rad8 17. Qe2 Rd4 18. Rfe1 Rfd8 19. Qe5 Qf3 20. Qe3 Qf6 21. Kg2 h5 22. h4 Rd3 23. Qe2 g6 24. Rf1 Rd2 25. Qf3 Qxf3+ 26. Kxf3 R8d3+ 27. Kg2 Kf8 28. Rfe1 Ke7 29. Re5 Rc2 30. Ra5 Rdd2 31. Rxa7+ Kf6 32. Rf1 Rxa2 33. Rxa2 Rxa2 34. Rb1 Rc2 35. Kf3 Ke5 36. Ke3 Kd6 37. f3 Kc5 38. Kd3 Rg2 39. b4+ Kb6 40. Ke4 Rxg3 41. Kf4 Rg2 42. Ke5 g5 43. hxg5 Rxg5+ 44. Kd6 Rf5 45. Rh1 Rxf3 46. Rxh5 Rf4 47. Rc5 Rd4+ 48. Ke7 Rf4 49. Kd6 Rd4+ 50. Ke5 Rd1 51. Ra5 Rb1 52. Kd6 Rd1+ 53. Ke5 Rb1 54. Kd6 Rd1+ 55. Ke7 Rb1 56. c5+ Kb7 57. Kxf7 Rxb4 58. Kxe6 Rb5 59. Rxb5+ cxb5 60. Kd7 b4 61. c6+ Kb6 62. c7 Kb5 63. c8=Q Ka4 64. Qc2+ Ka3 65. Kc6 b3 66. Qb1 1-0


[Site "https://www.chess.com"]

[Event "Titled Tuesday Blitz April 11 Late 2023"]
[White "Tymrakiewicz, Rafal"]
[Black "Amburgy, Ryan"]
[WhiteFideId "1108832"]
[BlackFideId "30924820"]
[WhiteElo "2151"]
[BlackElo "2134"]
[Result "0-1"]
[Round "01"]
[TimeControl "180+2"]
[Date "2023.04.11"]
[WhiteClock "0:00:00"]
[BlackClock "0:00:00"]

1. e4 c6 2. d4 d5 3. exd5 cxd5 4. c4 Nf6 5. Nc3 g6 6. Qb3 Bg7 7. cxd5 O-O 8. Be2 Nbd7 9. Bf3 Nb6 10. Nge2 Bg4 11. Bxg4 Nxg4 12. O-O Nf6 13. Nf4 Qd7 14. Re1 Rad8 15. Be3 Nfxd5 16. Nfxd5 Nxd5 17. Nxd5 Qxd5 18. Qxd5 Rxd5 19. Rac1 Rfd8 20. Rc7 R5d7 21. Rxd7 Rxd7 22. Rd1 e6 23. Kf1 Kf8 24. Ke2 Ke7 25. f4 Rd5 26. Kd3 Kd7 27. Rc1 b6 28. b3 f6 29. Ke4 Bf8 30. h3 Ba3 31. Rc2 Bd6 32. Rc1 h6 33. Rf1 Ba3 34. Rf2 Rd6 35. Rc2 Rc6 36. Rxc6 Kxc6 37. Kd3 Kd5 38. f5 gxf5 39. Bxh6 Bb2 40. Be3 e5 41. h4 f4 42. Bd2 e4+ 43. Kc2 f3 44. gxf3 exf3 45. Be3 Ke4 46. Bf2 Ba3 47. h5 Bf8 48. Kc3 b5 49. a4 a6 50. axb5 axb5 51. b4 f5 52. d5 Kxd5 53. Kd3 Bh6 54. Be1 Bg5 55. Bd2 f2 56. Ke2 Bxd2 57. Kxf2 Bh6 58. Kf3 Kc4 0-1


[Site "https://www.chess.com"]

[Event "Titled Tuesday Blitz April 11 Late 2023"]
[White "De La Colina, Nicolas"]
[Black "Alexikov, Alexander"]
[WhiteFideId "30946921"]
[BlackFideId "14103958"]
[WhiteElo "2046"]
[BlackElo "2186"]
[Result "1-0"]
[Round "01"]
[TimeControl "180+2"]
[Date "2023.04.11"]
[WhiteClock "0:00:00"]
[BlackClock "0:00:00"]

1. e4 c5 2. Nf3 d6 3. Bb5+ Bd7 4. Bxd7+ Qxd7 5. O-O Nc6 6. Qe2 g6 7. Rd1 Bg7 8. c3 e5 9. Na3 Nge7 10. Nc2 O-O 11. d4 cxd4 12. cxd4 Qc7 13. Be3 Rac8 14. Rac1 Qb8 15. d5 Na5 16. Nd2 b5 17. b3 a6 18. Nb4 Qb7 19. f3 f5 20. Nb1 f4 21. Bf2 g5 22. g4 h5 23. h3 Kf7 24. Kg2 hxg4 25. hxg4 Rxc1 26. Rxc1 Rc8 27. Qd2 Bf6 28. Bg1 Ke8 29. Nd3 Rxc1 30. Qxc1 Kd7 31. Nb4 Ng6 32. Bf2 Bd8 33. Qh1 Nh4+ 34. Bxh4 gxh4 35. g5 Ke8 36. Qxh4 Qg7 37. Nxa6 Bxg5 38. Qg4 Bf6 39. Qxg7 Bxg7 40. Nc7+ Kd7 41. Nxb5 Nb7 42. b4 Bf6 43. Kf2 Bh4+ 44. Ke2 Nd8 45. N1c3 Nf7 46. a4 Bd8 47. a5 1-0


[Site "https://www.chess.com"]

[Event "Titled Tuesday Blitz April 11 Late 2023"]
[White "Nazari, Arad"]
[Black "Perez Rodriguez, Jennifer"]
[WhiteFideId "12577324"]
[BlackFideId "3507831"]
[WhiteElo "2242"]
[BlackElo "2116"]
[Result "1-0"]
[Round "01"]
[TimeControl "180+2"]
[Date "2023.04.11"]
[WhiteClock "0:00:00"]
[BlackClock "0:00:00"]

1. e4 e5 2. f4 d5 3. exd5 exf4 4. Nf3 Nf6 5. Bb5+ Bd7 6. Bxd7+ Nbxd7 7. O-O Nb6 8. c4 Qd7 9. Ne5 Qf5 10. d4 g5 11. Nc3 Bg7 12. Qf3 Bh6 13. h3 O-O 14. c5 Nbd7 15. Nxd7 Qxd7 16. Bd2 Rad8 17. Rae1 Nxd5 18. Re5 Nxc3 19. bxc3 f6 20. Re2 Rfe8 21. Rfe1 c6 22. Qh5 Rxe2 23. Rxe2 Bg7 24. h4 Qf7 25. Qg4 h6 26. hxg5 fxg5 27. Re6 Re8 28. Rd6 Re7 29. Kh2 Qxa2 30. Qc8+ Kh7 31. Qf5+ Kg8 32. Rd8+ 1-0


[Site "https://www.chess.com"]

[Event "Titled Tuesday Blitz April 11 Late 2023"]
[White "Sliwicki, Damian"]
[Black "Iliaguev, Nisim"]
[WhiteFideId "1127128"]
[BlackFideId "2817276"]
[WhiteElo "2030"]
[BlackElo "2241"]
[Result "0-1"]
[Round "01"]
[TimeControl "180+2"]
[Date "2023.04.11"]
[WhiteClock "0:00:00"]
[BlackClock "0:00:00"]

1. e4 e6 2. d4 d5 3. exd5 exd5 4. Nf3 Nc6 5. Bb5 Bg4 6. O-O Bd6 7. c4 Nf6 8. Qe1+ Be7 9. Ne5 O-O 10. Bxc6 dxc4 11. Bxb7 Bd6 12. Bxa8 Qxa8 13. Nxg4 Nxg4 14. g3 Qd5 15. Nc3 Qh5 16. h4 Nf6 17. Bg5 Nd7 18. Qe2 Qg6 19. Qe4 f5 20. Qd5+ Kh8 21. Rae1 h6 22. Bc1 Nf6 23. Qf3 f4 24. Bxf4 Nh5 25. Qe4 Nxf4 26. Qxg6 Nxg6 27. a3 Ne7 28. Nb5 Nf5 29. Nxd6 cxd6 30. Rd1 d5 31. Rfe1 g6 32. Re5 Rd8 33. h5 Kg7 34. hxg6 Kxg6 35. Rc1 Nxd4 36. Kg2 Nb3 37. Rh1 d4 38. Re6+ Kg7 39. Rexh6 d3 40. Rh7+ Kf6 41. f4 d2 42. R7h6+ Kf5 43. Kf3 Rd3+ 44. Ke2 Nd4+ 45. Kd1 Ke4 46. Rf1 Nf5 47. Re6+ Kd4 48. Re5 Ne3+ 49. Rxe3 Kxe3 50. f5 c3 51. bxc3 Rxc3 52. Re1+ dxe1=Q+ 53. Kxe1 Rc1# 0-1


[Site "https://www.chess.com"]

[Event "Titled Tuesday Blitz April 11 Late 2023"]
[White "Golubev, Mikhail"]
[Black "Korchmar, Vasiliy"]
[WhiteFideId "14100983"]
[BlackFideId "24131750"]
[WhiteElo "2374"]
[BlackElo "2370"]
[Result "0-1"]
[Round "01"]
[TimeControl "180+2"]
[Date "2023.04.11"]
[WhiteClock "0:00:03"]
[BlackClock "0:00:04"]

1. e4 c5 2. Nf3 d6 3. d4 cxd4 4. Nxd4 Nf6 5. Nc3 Nc6 6. Bc4 Qb6 7. Nde2 e6 8. Bb3 a6 9. O-O Be7 10. Bg5 Qc7 11. Ng3 h6 12. Bxf6 Bxf6 13. Nh5 Be5 14. f4 Bd4+ 15. Kh1 O-O 16. f5 Qe7 17. f6 Bxf6 18. Rxf6 Ne5 19. Qd2 Kh7 20. Rff1 b5 21. Rad1 Bb7 22. Qxd6 Qg5 23. Ng3 Ng4 24. Rd3 f5 25. exf5 Ne3 26. Rxe3 Qxe3 27. Qxe6 Qd2 28. Qg6+ Kh8 29. Nh5 Qd7 30. f6 gxf6 31. Qxh6+ Qh7 32. Qxh7+ Kxh7 33. Rxf6 Rxf6 34. Nxf6+ Kg6 35. Bd5 Bxd5 36. Nfxd5 Re8 37. h3 Re1+ 38. Kh2 Rc1 39. Ne3 Re1 40. Ncd5 Rb1 41. b3 Ra1 42. a3 Rxa3 43. g4 Ra1 44. Nc7 Kg5 45. Kg3 Rg1+ 46. Ng2 Rc1 47. h4+ Kf6 48. Nxa6 Rxc2 49. b4 Rc3+ 50. Kf4 Rc4+ 51. Kf3 Ke5 52. Ne3 Rc3 0-1


[Site "https://www.chess.com"]

[Event "Titled Tuesday Blitz April 11 Late 2023"]
[White "Ezat, Mohamed"]
[Black "Semenenko, Dmytry"]
[WhiteFideId "10600906"]
[BlackFideId "14118645"]
[WhiteElo "2386"]
[BlackElo "2113"]
[Result "1-0"]
[Round "01"]
[TimeControl "180+2"]
[Date "2023.04.11"]
[WhiteClock "0:00:00"]
[BlackClock "0:00:00"]

1. d4 d5 2. c4 c6 3. Nc3 Nf6 4. cxd5 cxd5 5. Bf4 Nc6 6. e3 a6 7. Bd3 e6 8. Rc1 Bd6 9. Bxd6 Qxd6 10. f4 O-O 11. Nf3 b5 12. Ne5 Bb7 13. O-O Ne7 14. Qf3 Rac8 15. g4 Nd7 16. g5 f6 17. gxf6 Rxf6 18. Kh1 Rcf8 19. Qh3 Nf5 20. Rg1 Rh6 21. Qg2 Qe7 22. Bxf5 Rxf5 23. Qg3 Rfh5 24. Rg2 Nxe5 25. fxe5 Rh3 26. Qf2 Qf7 27. Qxf7+ Kxf7 28. Nxb5 Rxe3 29. Nd6+ Kf8 30. Nxb7 1-0


[Site "https://www.chess.com"]

[Event "Titled Tuesday Blitz April 11 Late 2023"]
[White "Garcia Cuenca, Victor"]
[Black "Levitskiy, Andrey"]
[WhiteFideId "2250829"]
[BlackFideId "14132885"]
[WhiteElo "2329"]
[BlackElo "2341"]
[Result "1/2-1/2"]
[Round "01"]
[TimeControl "180+2"]
[Date "2023.04.11"]
[WhiteClock "0:00:00"]
[BlackClock "0:00:00"]

1. d4 Nf6 2. Nf3 e6 3. e3 c5 4. c4 cxd4 5. Nxd4 a6 6. Nc3 b6 7. Be2 Bb7 8. O-O Be7 9. b3 O-O 10. Bb2 d6 11. Rc1 Nbd7 12. f3 Rc8 13. e4 Re8 14. Qd2 Qc7 15. Kh1 Qb8 16. Rfd1 Bd8 17. Rc2 Bc7 18. g3 Ne5 19. Rdc1 Qa8 20. Kg1 d5 21. cxd5 exd5 22. Nxd5 Nxd5 23. exd5 Bd6 24. Nf5 Rxc2 25. Rxc2 Bc5+ 26. Bd4 Bxd5 27. Bxc5 bxc5 28. Rxc5 Nxf3+ 29. Bxf3 Bxf3 30. Qc3 f6 31. Rc8 Rxc8 32. Qxc8+ Qxc8 33. Ne7+ Kf7 34. Nxc8 Ke6 35. Nb6 g5 36. Kf2 Bb7 37. Ke3 f5 38. Na4 Ke5 39. Nc5 f4+ 40. gxf4+ gxf4+ 41. Kf2 Bc8 42. b4 Kd4 43. Na4 Be6 44. Nc5 Bxa2 45. Nxa6 Bd5 46. Nc5 Kc4 47. Nd7 Kxb4 48. Nf6 Kc4 49. Nxh7 Kd4 50. Nf6 Bc6 51. Nh5 Ke4 52. Nxf4 Kxf4 53. h4 Kg4 54. h5 Kxh5 1/2-1/2


[Site "https://www.chess.com"]

[Event "Titled Tuesday Blitz April 11 Late 2023"]
[White "Zeynalli, Rashad"]
[Black "Chos, Alexey"]
[WhiteFideId "13403320"]
[BlackFideId "14117762"]
[WhiteElo "2125"]
[BlackElo "2234"]
[Result "0-1"]
[Round "01"]
[TimeControl "180+2"]
[Date "2023.04.11"]
[WhiteClock "0:00:29"]
[BlackClock "0:00:09"]

1. d4 Nf6 2. Bf4 g6 3. e3 Bg7 4. Nf3 O-O 5. Be2 b6 6. O-O Bb7 7. a4 a6 8. Nc3 d6 9. h3 Nbd7 10. Qd3 Re8 11. Rad1 Qc8 12. d5 e5 13. dxe6 fxe6 14. Qc4 Nc5 15. Bg5 d5 16. Qh4 Nfe4 17. Nxe4 Nxe4 18. c3 Bc6 19. Bh6 Bf6 20. Qg4 Bxa4 21. Ra1 Bd7 22. Ng5 Nxg5 23. Bxg5 Bg7 24. Rfd1 e5 25. Qb4 Be6 26. Bf3 e4 27. Be2 Qb7 28. Bf4 c5 29. Qa4 b5 30. Qa5 Bf6 31. Rd2 Bd8 32. Qa3 Be7 33. Qa5 Red8 34. Rad1 Rd7 35. Ra1 Bd8 36. Qa3 Be7 37. Qa5 Rdd8 38. Bc7 Rf8 39. Bg3 Bd8 40. Qa3 Bb6 41. Bf4 Qe7 42. Rad1 Qf6 43. Bf1 d4 44. Bd6 d3 45. Bxc5 Bxc5 46. Qxc5 Rad8 47. Qb6 Bf5 48. Qa5 Qd6 49. Qa2+ Kg7 50. Qb3 Be6 51. Qa3 Qxa3 52. bxa3 Rc8 53. Rc1 Bc4 54. f3 exf3 55. gxf3 Rxf3 56. Bxd3 Rd8 57. Rcd1 Rxe3 58. Bxc4 Rxd2 59. Rxd2 bxc4 60. Rd6 Rxc3 61. Rxa6 Rxh3 62. Kg2 Rb3 63. Kf2 c3 64. Ke2 c2 65. Kd2 Rc3 66. Kc1 h5 67. Ra7+ Kh6 68. Ra6 h4 69. Ra8 Kg5 70. Ra5+ Kg4 71. Ra4+ Kg3 72. Ra6 g5 73. Rg6 g4 74. a4 h3 75. a5 h2 76. Rh6 Kg2 77. a6 h1=Q+ 78. Rxh1 Kxh1 79. a7 Ra3 80. a8=Q+ Rxa8 81. Kxc2 g3 82. Kd3 g2 83. Ke4 g1=Q 84. Kd5 Rd8+ 85. Kc6 Qc1+ 86. Kb7 0-1


[Site "https://www.chess.com"]

[Event "Titled Tuesday Blitz April 11 Late 2023"]
[White "Gutkin, Ilya"]
[Black "Akhmetov, Ayan"]
[WhiteFideId "16203470"]
[BlackFideId "13703706"]
[WhiteElo "2265"]
[BlackElo "2398"]
[Result "1-0"]
[Round "01"]
[TimeControl "180+2"]
[Date "2023.04.11"]
[WhiteClock "0:00:07"]
[BlackClock "0:00:02"]

1. Nf3 e6 2. g3 b6 3. Bg2 Bb7 4. c4 c5 5. O-O Nf6 6. d4 cxd4 7. Qxd4 Nc6 8. Qd1 d5 9. cxd5 Nxd5 10. Qa4 a6 11. Rd1 b5 12. Qc2 Qb6 13. Nc3 Nxc3 14. Qxc3 Qc5 15. Qxc5 Bxc5 16. Bf4 Ne7 17. Rac1 Bb6 18. Bc7 Ba7 19. Ba5 Nc6 20. Bc3 f6 21. Nd4 Nxd4 22. Bxb7 Nxe2+ 23. Kf1 Nxc3 24. Bxa8 Nxd1 25. Rc8+ Ke7 26. Rxh8 Nxb2 27. Bb7 a5 28. Ra8 Bb6 29. Ra6 Bc7 30. Bc6 b4 31. Bb5 Nd1 32. Bc4 Nc3 33. Rxe6+ Kd7 34. Ra6 a4 35. Ke1 Bd6 36. Kd2 a3 37. Kd3 Bc5 38. Bd5 Bxf2 39. Bg8 Bg1 40. h3 Bh2 41. g4 Bg3 42. Ra7+ Kd6 43. Rxg7 Nb1 44. Rxh7 Kc5 45. Rf7 Nc3 46. Rxf6 Be5 47. Rf5 Kd6 48. h4 Nd1 49. h5 Nb2+ 50. Ke4 Na4 51. Rxe5 Nc3+ 52. Kf4 Ne2+ 53. Rxe2 b3 54. Bxb3 1-0


[Site "https://www.chess.com"]

[Event "Titled Tuesday Blitz April 11 Late 2023"]
[White "Kosteniuk, Alexandra"]
[Black "Buchenau, Frank"]
[WhiteFideId "4128125"]
[BlackFideId "4604350"]
[WhiteElo "2453"]
[BlackElo "2157"]
[Result "1-0"]
[Round "01"]
[TimeControl "180+2"]
[Date "2023.04.11"]
[WhiteClock "0:00:00"]
[BlackClock "0:00:00"]

1. Nf3 Nf6 2. g3 b6 3. Bg2 Bb7 4. c4 e6 5. d4 Be7 6. O-O O-O 7. Nc3 Ne4 8. Bd2 f5 9. d5 Bf6 10. Rc1 Na6 11. Qc2 Bxc3 12. Bxc3 exd5 13. cxd5 Bxd5 14. Rfd1 c6 15. Be1 Nac5 16. b4 Ne6 17. Ne5 Nf6 18. f3 f4 19. Bc3 d6 20. Nd3 fxg3 21. hxg3 Nh5 22. Be1 Qg5 23. e4 Nd4 24. Qf2 Nxf3+ 25. Bxf3 Bxe4 26. Bd2 Qb5 27. Nf4 Nxf4 28. Bxf4 Bxf3 29. Qxf3 d5 30. Qd3 Qxb4 31. Rxc6 Rae8 32. Qxd5+ Kh8 33. Qd2 Qe4 34. Rc3 h6 35. Qg2 Qf5 36. Rc7 Re4 37. Rf1 Qg6 38. Rf2 Rfe8 39. Kh2 1-0


[Site "https://www.chess.com"]

[Event "Titled Tuesday Blitz April 11 Late 2023"]
[White "Castaneda, Jhon David"]
[Black "Wu, Sibo"]
[WhiteFideId "4405048"]
[BlackFideId "8606048"]
[WhiteElo "2102"]
[BlackElo "2082"]
[Result "1-0"]
[Round "01"]
[TimeControl "180+2"]
[Date "2023.04.11"]
[WhiteClock "0:00:00"]
[BlackClock "0:00:00"]

1. d4 Nf6 2. Nf3 d5 3. c4 c6 4. Nc3 a6 5. c5 Nbd7 6. Bg5 g6 7. e3 Bg7 8. Be2 O-O 9. Nd2 e5 10. O-O e4 11. b4 h6 12. Bh4 g5 13. Bg3 Nh7 14. f3 f5 15. fxe4 fxe4 16. Na4 Nhf6 17. Rb1 Qe8 18. Bd6 Rf7 19. Qc2 Qe6 20. Qd1 b5 21. Nc3 Nf8 22. a4 Ng6 23. Nb3 g4 24. Na5 Bd7 25. Ra1 h5 26. Nb3 Re8 27. axb5 axb5 28. Ra6 h4 29. Na5 Bh6 30. Qd2 Nh5 31. Rxf7 Qxf7 32. Nxc6 g3 33. hxg3 hxg3 34. Nd1 Nh4 35. Ne5 Rxe5 36. Bxe5 Bg5 37. Ra8+ Be8 38. Bxb5 1-0


[Site "https://www.chess.com"]

[Event "Titled Tuesday Blitz April 11 Late 2023"]
[White "Vivas Zamora, Fabian Ernesto"]
[Black "Manzone, Alessandro"]
[WhiteFideId "3902480"]
[BlackFideId "112488"]
[WhiteElo "2262"]
[BlackElo "2255"]
[Result "1-0"]
[Round "01"]
[TimeControl "180+2"]
[Date "2023.04.11"]
[WhiteClock "0:00:00"]
[BlackClock "0:00:00"]

1. e4 c5 2. Nc3 e6 3. Nge2 Nc6 4. d4 cxd4 5. Nxd4 Qc7 6. Be3 a6 7. Qf3 h5 8. O-O-O Ne5 9. Qg3 h4 10. Qh3 Ng6 11. Kb1 b5 12. Bd3 Bb7 13. Rhf1 Nf6 14. f4 b4 15. Na4 Nxe4 16. f5 Ne5 17. fxe6 dxe6 18. Bf4 Bd6 19. Nxe6 fxe6 20. Bxe5 Bxe5 21. Qxe6+ Qe7 22. Qg6+ Kd8 23. Bxe4+ Kc7 24. Rf7 Rhe8 25. Qb6+ Kc8 26. Bxb7+ 1-0


[Site "https://www.chess.com"]

[Event "Titled Tuesday Blitz April 11 Late 2023"]
[White "Marcziter, Dmitrii"]
[Black "Aldokhin, Ivan"]
[WhiteFideId "13900765"]
[BlackFideId "24115720"]
[WhiteElo "2162"]
[BlackElo "2322"]
[Result "0-1"]
[Round "01"]
[TimeControl "180+2"]
[Date "2023.04.11"]
[WhiteClock "0:00:08"]
[BlackClock "0:00:07"]

1. e4 c5 2. Nc3 e6 3. g3 b6 4. Bg2 Nc6 5. d3 g6 6. f4 Bg7 7. Nf3 Nge7 8. O-O O-O 9. g4 d5 10. e5 a5 11. Ne2 Ba6 12. Ng3 c4 13. d4 c3 14. Rf2 cxb2 15. Bxb2 f6 16. Ba3 fxe5 17. fxe5 h6 18. Bf1 Bxf1 19. Qxf1 Rf7 20. Qe2 g5 21. Raf1 Ng6 22. Qd2 Nf4 23. Kh1 Bf8 24. Bxf8 Qxf8 25. Ne2 Qg7 26. c3 Nh3 27. Rg2 Raf8 28. Rg3 Nf4 29. Nxf4 Rxf4 30. Qe2 Ne7 31. Nd2 Rxf1+ 32. Nxf1 Qf7 33. Nd2 Qf2 34. Qxf2 Rxf2 35. Rd3 Ng6 36. Kg1 Re2 37. Nf1 Rxa2 38. Ng3 Nf4 39. Rd1 a4 40. Rb1 a3 41. Rxb6 Rb2 42. Ra6 a2 43. Nf1 Ne2+ 44. Kf2 Nxc3+ 45. Ke3 Rb1 46. Ra8+ Kg7 47. Ng3 a1=Q 48. Nh5+ Kf7 49. Rxa1 Rxa1 50. Nf6 Ra3 51. Kd2 Ne4+ 52. Nxe4 dxe4 53. Ke2 Rd3 54. d5 Rxd5 55. h3 Rxe5 56. Ke3 Kf6 57. Kd4 e3 58. Kd3 e2 59. Kd4 e1=Q 60. Kd3 Qe4+ 0-1


[Site "https://www.chess.com"]

[Event "Titled Tuesday Blitz April 11 Late 2023"]
[White "Domingo Nunez, Ruben"]
[Black "Bach, Matthias"]
[WhiteFideId "22245570"]
[BlackFideId "4603168"]
[WhiteElo "2404"]
[BlackElo "2130"]
[Result "1-0"]
[Round "01"]
[TimeControl "180+2"]
[Date "2023.04.11"]
[WhiteClock "0:00:00"]
[BlackClock "0:00:00"]

1. b3 e5 2. Bb2 f6 3. e3 d6 4. d4 Nh6 5. c4 Nf7 6. Nc3 Be7 7. Bd3 O-O 8. Qc2 f5 9. Bxf5 Bxf5 10. Qxf5 exd4 11. exd4 Bg5 12. Nge2 Nh6 13. Qd5+ Kh8 14. Qxb7 Nd7 15. O-O Ng4 16. Qe4 Ndf6 17. Qd3 Nh5 18. h3 Ngf6 19. Bc1 Nd7 20. Bxg5 Qxg5 21. Rae1 Rf7 22. Qe3 Qg6 23. Ng3 Nf4 24. Qe4 Qg5 25. Qxa8+ 1-0


[Site "https://www.chess.com"]

[Event "Titled Tuesday Blitz April 11 Late 2023"]
[White "Fernandez Siles, Luis"]
[Black "Manukyan, Sargis A."]
[WhiteFideId "2209420"]
[BlackFideId "13303970"]
[WhiteElo "2195"]
[BlackElo "2187"]
[Result "0-1"]
[Round "01"]
[TimeControl "180+2"]
[Date "2023.04.11"]
[WhiteClock "0:00:00"]
[BlackClock "0:00:01"]

1. d4 d5 2. c4 e6 3. Nc3 Nf6 4. cxd5 Nxd5 5. e4 Nxc3 6. bxc3 c5 7. Rb1 cxd4 8. cxd4 Nc6 9. Nf3 Bb4+ 10. Bd2 Bxd2+ 11. Qxd2 O-O 12. Bb5 Bd7 13. O-O a6 14. Bd3 b5 15. e5 h6 16. Qf4 Ne7 17. Qe4 g6 18. Qf4 Kh7 19. h4 Bc6 20. Nh2 Nd5 21. Qd2 Qxh4 22. Nf3 Qg4 23. Nh2 Qf4 24. g3 Qxd2 0-1


[Site "https://www.chess.com"]

[Event "Titled Tuesday Blitz April 11 Late 2023"]
[White "Sieciechowicz, Marcin"]
[Black "Ward, Ieuan C"]
[WhiteFideId "1130170"]
[BlackFideId "406627"]
[WhiteElo "2302"]
[BlackElo "2028"]
[Result "1-0"]
[Round "01"]
[TimeControl "180+2"]
[Date "2023.04.11"]
[WhiteClock "0:00:00"]
[BlackClock "0:00:00"]

1. d4 Nf6 2. c4 e6 3. Nc3 d5 4. cxd5 exd5 5. Bg5 Be7 6. e3 c6 7. Qc2 O-O 8. Bd3 Nbd7 9. h3 Re8 10. Nf3 Nf8 11. O-O g6 12. Ne5 Ne6 13. Bh4 Ng7 14. Bg3 Bf5 15. Rab1 Bxd3 16. Qxd3 Nf5 17. Bh2 Nd6 18. Rfc1 Nfe4 19. Ne2 f6 20. Nf3 a6 21. Ne1 f5 22. Nf3 Nf6 23. Ne5 Bf8 24. b3 Nfe4 25. f3 Nf6 26. b4 Rc8 27. a4 Nd7 28. Qb3 Nxe5 29. Bxe5 Bg7 30. f4 Ne4 31. Rc2 Qh4 32. Rf1 Bf8 33. b5 axb5 34. axb5 Qe7 35. Rfc1 Qe6 36. Nc3 Nxc3 37. Rxc3 cxb5 38. Qxb5 Rxc3 39. Rxc3 Ra8 40. Qxb7 Ra1+ 41. Kh2 Qc6 42. Rxc6 1-0


[Site "https://www.chess.com"]